AoeStats
← EloJhowB

Black Forest

509596092Analyzed
2v2 RM · 6d ago on Sep 27, 2026· 85m 55s· 4 players
Game mode
Random Map
Map size
Medium (4 player)
Population
200
Speed
Normal
Resources
Standard
Victory
Conquest
Starting age
Dark Age
Ending age
Imperial Age
RankedLock teamsTeams togetherTeam positionsShared explorationLock speedFull tech treeHidden civsTurbo modeCheats
Victory
Defeat
🇧🇷 Mongols · Brazil
910
+14
🇧🇷 Chinese · Brazil
909
+14
🇳🇬 Britons · Nigeria
884
-15
🇺🇸 Poles · United States
850
-13
Mrithnaw
1:24 Loom
15:28 Feudal Age
16:40 Double-Bit Axe
16:41 Horse Collar
22:23 Castle Age
25:14 Bow Saw
25:07 Heavy Plow
26:19 Forging
29:52 Wheelbarrow
29:05 Town Watch
31:06 Iron Casting
33:25 Husbandry
35:47 Hand Cart
35:34 Town Patrol
39:13 Imperial Age
36:55 Scale Barding Armor
38:06 Chain Barding Armor
40:41 Conscription
41:08 Bloodlines
41:11 Szlachta Privileges
41:10 Pikeman
41:50 Squires
41:18 Onager
43:43 Cavalier
45:27 Blast Furnace
46:03 Chemistry
47:06 Ballistics
50:01 Light Cavalry
53:23 Crop Rotation
53:54 Scale Mail Armor
55:07 Man-at-Arms
56:13 Lechitic Legacy
77:24 Chain Mail Armor
80:57 Winged Hussar
Fennec fox
0:27 Loom
14:13 Feudal Age
21:22 Castle Age
20:01 Double-Bit Axe
20:02 Horse Collar
20:23 Gold Mining
20:29 Stone Mining
22:21 Wheelbarrow
22:33 Town Watch
25:05 Hand Cart
28:14 Herbal Medicine
32:15 Heavy Plow
32:29 Bow Saw
32:32 Fortified Wall
32:18 Murder Holes
33:02 Gold Shaft Mining
32:33 Caravan
34:18 Yeomen
37:35 Imperial Age
37:56 Fletching
38:07 Padded Archer Armor
38:59 Elite Longbowman
40:15 Hoardings
40:01 Conscription
39:44 Warwolf
42:45 Bodkin Arrow
43:05 Leather Archer Armor
43:59 Two-Man Saw
42:26 Crossbowman
42:42 Heavy Mounted Crossbowman
42:43 Cranequins
42:59 Heavy Mounted Crossbowman
43:02 Arbalester
45:12 Chemistry
44:32 Ballistics
43:54 Treadmill Crane
44:24 Masonry
44:20 Siege Engineers
44:55 Bracer
45:26 Ring Archer Armor
72:29 Architecture
EloJhowB
14:29 Feudal Age
18:56 Castle Age
18:11 Double-Bit Axe
20:57 Bow Saw
22:39 Horse Collar
22:48 Loom
24:57 Wheelbarrow
26:55 Gold Mining
29:44 Bloodlines
29:35 Husbandry
29:47 Forging
29:43 Scale Barding Armor
41:09 Imperial Age
38:55 Hand Cart
38:25 Town Watch
41:15 Onager
41:26 Light Cavalry
42:42 Iron Casting
42:28 Chain Barding Armor
43:31 Drill
43:26 Fortified Wall
44:20 Chemistry
44:53 Blast Furnace
43:45 Stone Mining
44:05 Nomads
44:27 Conscription
43:42 Hussar
43:42 Cavalier
44:32 Heavy Scorpion
46:53 Hoardings
46:35 Siege Engineers
47:51 Stone Shaft Mining
47:53 Gold Shaft Mining
48:01 Fletching
48:11 Padded Archer Armor
55:09 Caravan
55:54 Onager
68:07 Ballistics
67:58 Masonry
70:52 Siege Onager
JBerck
0:33 Loom
16:27 Feudal Age
21:07 Castle Age
21:48 Double-Bit Axe
25:14 Wheelbarrow
24:41 Town Watch
29:45 Hand Cart
30:49 Town Patrol
31:12 Gold Mining
31:12 Stone Mining
33:13 Caravan
39:11 Imperial Age
36:40 Light Cavalry
37:31 Bloodlines
37:21 Husbandry
40:30 Conscription
41:30 Masonry
42:22 Chemistry
41:43 Ballistics
41:20 Murder Holes
42:59 Heavy Scorpion
45:06 Heavy Rocket Cart
45:50 Elite Chu Ko Nu
46:03 Sappers
46:39 Fletching
46:50 Padded Archer Armor
47:01 Forging
47:00 Cavalier
54:43 Scale Barding Armor
54:32 Pikeman
55:12 Squires
57:07 Halberdier
59:42 Iron Casting
59:08 Scale Mail Armor
62:30 Blast Furnace
61:46 Chain Mail Armor
66:03 Thumb Ring
65:18 Elite Skirmisher
66:20 Leather Archer Armor
66:00 Bodkin Arrow
66:26 Chain Barding Armor
66:36 Plate Mail Armor
74:39 Bracer
75:10 Ring Archer Armor
75:15 Plate Barding Armor
78:37 Capped Ram
Connection lost

Rejoining the realm…

Still unreachable

The connection could not be restored.

Session expired

The server has moved on; the page needs a fresh start.